 Dungeon Crawl Stone Soup version 0.29.1-1-gd02db6906a (console) character file.

Game seed: 13468638190424565247

13 sentinel the Digger (level 2, 0/20 HPs)
             Began as a Meteoran Earth Elementalist on Sept 28, 2022.
             Slain by a jackal (2 damage)
             ... on level 1 of the Dungeon.
             The game lasted 00:00:01 (116 turns).

sentinel the Digger (Meteoran Earth Elementalist)    Turns: 116, Time: 00:00:03

Health: 0/20       AC:  2    Str:  9    XL:     2   Next: 70%
Magic:  1/6        EV: 12    Int: 16    God:
Gold:   0          SH:  0    Dex: 14    Spells: 5/6 levels left

rFire   . . .      SeeInvis .   (no weapon)
rCold   . . .      Faith    .   (no shield)
rNeg    . . .      Spirit   .   a - +0 robe
rPois   .          Reflect  .   (no helmet)
rElec   .          Harm     .   (no cloak)
rCorr   .          Rampage  .   (no gloves)
Will    .....                   (no boots)
Stlth   +.........              (no amulet)
HPRegen 0.06/turn               (no ring)
MPRegen 0.10/turn               (no ring)

@: glowing
A: sense surroundings 1, otherworldly, glowing, explore regen
a: no special abilities


You were on level 1 of the Dungeon.
You visited 1 branch of the dungeon, and saw 1 of its levels.

Inventory:

Armour
 a - a +0 robe (worn)
Potions
 b - a potion of magic


   Skills:
 - Level 2.4 Dodging
 - Level 1.4 Stealth
 - Level 2.6 Spellcasting
 - Level 1.2 Transmutations
 + Level 4.5 Earth Magic


You had 5 spell levels left.
You knew the following spells:

 Your Spells              Type           Power      Damage    Failure   Level
a - Sandblast             Erth           32%        2d9       3%          1

Your spell library contained the following spells:

 Spells                   Type           Power      Damage    Failure   Level
 Passwall                 Tmut/Erth      9%         N/A       9%          2
 Stone Arrow              Conj/Erth      18%        3d8       22%         3
 Petrify                  Tmut/Erth      11%        N/A       52%         4


Dungeon Overview and Level Annotations

Branches:
Dungeon (1/15) Zot: 476

Altars:


Innate Abilities, Weirdness & Mutations

You passively map a small area around you.
You are easily found by Zot.
You glow in the dark.
You regain HP and MP as you explore.


Message History

The blast of sand hits the hobgoblin.
The hobgoblin is almost dead.
Unknown command.
The blast of sand hits the hobgoblin!
You kill the hobgoblin!
Unknown command.
You can't see any susceptible monsters within range! (Use Z to cast anyway.) Unknown command.
You can't see any susceptible monsters within range! (Use Z to cast anyway.) Unknown command.
No target in view!
No target in view!
You can't see any susceptible monsters within range! (Use Z to cast anyway.) Unknown command.
You can't see any susceptible monsters within range! (Use Z to cast anyway.) Unknown command.
You can't see any susceptible monsters within range! (Use Z to cast anyway.) Unknown command.
You can't see any susceptible monsters within range! (Use Z to cast anyway.) Unknown command.
No target in view!
No target in view!
You can't see any susceptible monsters within range! (Use Z to cast anyway.) Unknown command.
You can't see any susceptible monsters within range! (Use Z to cast anyway.) Unknown command.
You can't see any susceptible monsters within range! (Use Z to cast anyway.) Unknown command.
You can't see any susceptible monsters within range! (Use Z to cast anyway.) Unknown command.
Magic restored.
You open the door. 4 jackals and a hobgoblin come into view.
The jackal barks! x3; The hobgoblin shouts!
Unknown command.
But you're not safe!
Unknown command.
But you're not safe!
Unknown command.
But you're not safe!
Unknown command.
But you're not safe!
Unknown command.
The jackal barks!
You hit the jackal.
The jackal is moderately wounded.
The jackal closely misses you.
You closely miss the jackal.
The jackal is moderately wounded.
The blast of sand misses the jackal.
The blast of sand hits the jackal!
You kill the jackal!
The jackal closely misses you. x2
Unknown command.
The blast of sand misses the jackal.
The blast of sand hits the jackal.
You kill the jackal!
The jackal closely misses you. x2
Your Earth Magic skill increases to level 4!
Unknown command.
The blast of sand misses the jackal.
The blast of sand hits the jackal!
You kill the jackal!
The jackal closely misses you.
The jackal bites you but does no damage.
You have reached level 2!
Unknown command.
The blast of sand hits the jackal!
You kill the jackal!
The hobgoblin hits you.
Unknown command.
You hit the hobgoblin.
The hobgoblin is heavily wounded.
The hobgoblin barely misses you.
You closely miss the hobgoblin.
The hobgoblin is heavily wounded.
The hobgoblin hits you.
The blast of sand hits the hobgoblin.
You kill the hobgoblin!
Unknown command.
You can't see any susceptible monsters within range! (Use Z to cast anyway.) Unknown command.
You can't see any susceptible monsters within range! (Use Z to cast anyway.) Unknown command.
No target in view!
No target in view!
You can't see any susceptible monsters within range! (Use Z to cast anyway.) Unknown command.
You can't see any susceptible monsters within range! (Use Z to cast anyway.) Unknown command.
You can't see any susceptible monsters within range! (Use Z to cast anyway.) Unknown command.
You can't see any susceptible monsters within range! (Use Z to cast anyway.) Unknown command.
HP restored.
There is an open door here.
Things that are here:
a hobgoblin corpse; a jackal corpse
Things that are here:
a jackal corpse; a jackal corpse; a jackal corpse
Found 13 gold pieces.
Unknown command.
A kobold comes into view. It is wielding a +0 short sword.
Found 3 gold pieces and 3 stones.
The kobold shouts!
A hobgoblin comes into view.
An endoplasm comes into view.
Unknown command.
But you're not safe!
Unknown command.
But you're not safe!
Unknown command.
But you're not safe!
Unknown command.
A ball python and 2 jackals come into view.
The ball python hisses angrily.
The jackal barks! x2; The hobgoblin shouts!
A jackal comes into view.
The blast of sand hits the kobold.
You kill the kobold!
The jackal barks!
You hear a bark!
The blast of sand hits the hobgoblin.
The hobgoblin is severely wounded.
A jackal comes into view.
Unknown command.
The blast of sand hits the hobgoblin!
You kill the hobgoblin!
The jackal barely misses you.
The jackal bites you but does no damage.
The ball python bites you. The ball python closely misses you.
Unknown command.
The blast of sand hits the ball python.
You kill the ball python!
The jackal barely misses you. x2; The endoplasm hits you.
Unknown command.
The blast of sand hits the jackal.
The jackal is almost dead.
The endoplasm hits you. x2
Unknown command.
You closely miss the jackal.
The jackal is almost dead.
The jackal bites you. The jackal misses you. The jackal bites you. x2
The jackal bites you but does no damage.
The endoplasm hits you.
You hit the jackal.
You kill the jackal!
The jackal bites you. The jackal misses you. The endoplasm freezes you.
You are frozen.
The blast of sand hits the jackal.
The jackal is severely wounded.
The jackal bites you. x2
* * * LOW HITPOINT WARNING * * *
The jackal barely misses you. The jackal bites you.
You die...

....####.........#
*
.......††........#
* . ,
#..#####.........#
.## ##.#
#........$####...
..##
#................
.##
######..##.......
, , .##
##.##....... ..#
#..h†....$. .###
###@h....(. ,
.#.## #hJ...... ,
....## ##.......
#.#..## ....... ,
* ##....##### *,
...)... ,
##.#.##..# .......
, # ##......#
.......
#####.#...#* *
..+#### ..#
##....#,, +


You could see an endoplasm and 3 jackals.

Vanquished Creatures
  A ball python (D:1)
  3 hobgoblins (D:1)
  5 jackals (D:1)
  A kobold (D:1)
10 creatures vanquished.

Notes
Turn   | Place    | Note
-------+----------+-------------------------------------------
     0 | D:1      | sentinel the Meteoran Earth Elementalist began the quest
                  | for the Orb.
     0 | D:1      | Reached XP level 1. HP: 14/14 MP: 5/5
    85 | D:1      | Reached skill level 4 in Earth Magic
    86 | D:1      | Reached XP level 2. HP: 20/20 MP: 2/6
   116 | D:1      | Slain by a jackal

Illustrated notes

Levels and vault maps discovered:
D:1:      lemuel_arrival_tunnels, layout_basic, wad_floor_pattern_1

Skill      XL: |  1 |
---------------+----+-----
Earth Magic    | 4 |  4.5
Dodging        | |  2.4
Stealth        | |  1.4
Spellcasting   | |  2.6
Transmutations | |  1.2

Action                   || total
-------------------------++-------
Melee: Unarmed           ||     6
 Cast: Sandblast         ||    13
Armor: Robe              ||     3
Dodge: Dodged            ||    14
